SNL (28 & UNDER)
SALEM SILVER SOULS @ WICHITA WRANGLERS
10/04/2029
 
TOP OF THE 1ST
Salem Silver Souls batting - Pitching for Wichita Wranglers : LHP Ron Sosa
Pitching: LHP Ron Sosa
Batting: RHB Júlio Rodríguez 0-0: Swinging Strike
0-1: Swinging Strike
0-2: Ball
1-2: Foul Ball, location: 2F
1-2: Foul Ball, location: 2F
1-2: Foul Ball, location: 2F
1-2: Foul Ball, location: 2F
1-2: Strikes out looking
Batting: RHB Carlos Sánchez 0-0: Fly out, F7 (Flyball, 7)
Batting: SHB Felipe Castro 0-0: Foul Ball, location: 2F
0-1: Called Strike
0-2: Ball
1-2: Foul Ball, location: 2F
1-2: Ball
2-2: SINGLE (Groundball, 4MD)
Batting: LHB Hamilton Hughes 0-0: Foul Ball, location: 2F
0-1: Called Strike
0-2: Foul Ball, location: 2F
0-2: Strikes out swinging
Top of the 1st over - 0 runs, 1 hit, 0 errors, 1 left on base; Salem 0 - Wichita 0
BOTTOM OF THE 1ST
Wichita Wranglers batting - Pitching for Salem Silver Souls : LHP Jeff Brennan
Pitching: LHP Jeff Brennan
Batting: LHB Dudley Cooper 0-0: Ball
1-0: Ground out 4-3 (Groundball, 4)
Batting: LHB Al Miller 0-0: SINGLE (Groundball, 34D)
Batting: RHB Stan Taylor 0-0: Ball
1-0: Called Strike
1-1: Ground out 5-3 (Groundball, 56S)
Al Miller to second
Batting: LHB John Lynch 0-0: Foul Ball, location: 2F
0-1: Called Strike
0-2: Strikes out looking
Bottom of the 1st over - 0 runs, 1 hit, 0 errors, 1 left on base; Salem 0 - Wichita 0
TOP OF THE 2ND
Salem Silver Souls batting - Pitching for Wichita Wranglers : LHP Ron Sosa
Batting: SHB Dale Winters 0-0: Ball
1-0: Called Strike
1-1: Ball
2-1: Ball
3-1: Base on Balls
Batting: LHB Jeff Forsyth 0-0: Ball
1-0: Ball
2-0: Foul Ball, location: 2F
2-1: Swinging Strike
2-2: SINGLE (Groundball, 56D)
Dale Winters to second
Batting: SHB Dawson Fowler 0-0: Foul Ball, location: 2F
0-1: Ball
Dale Winters steals 3rd base
1-1: Ball
Wild Pitch!
Dale Winters scores
Jeff Forsyth to second
2-1: Ball
3-1: Base on Balls
Batting: RHB José Dávila 0-0: Ball
1-0: Fly out, F9 (Flyball, 9)
Batting: RHB Chris Hall 0-0: Ball
1-0: Called Strike
1-1: Ball
2-1: Foul Ball, location: 2F
2-2: Strikes out swinging
Batting: RHB Júlio Rodríguez 0-0: Fielders Choice at 2nd, 5-4 (Groundball, 56)
Top of the 2nd over - 1 run, 1 hit, 0 errors, 2 left on base; Salem 1 - Wichita 0
BOTTOM OF THE 2ND
Wichita Wranglers batting - Pitching for Salem Silver Souls : LHP Jeff Brennan
Batting: RHB Ricardo Velásquez 0-0: Ball
1-0: Ball
2-0: Foul Ball, location: 2F
2-1: Ground out 5-3 (Groundball, 56)
Batting: LHB Milo Powers 0-0: Ball
1-0: Called Strike
1-1: Foul Ball, location: 2F
1-2: Ball
2-2: SINGLE (Line Drive, 3)
Batting: RHB Hubert MacDonald 0-0: Foul Ball, location: 2F
0-1: SINGLE (Groundball, 6MD)
Milo Powers to second
Batting: RHB Julián Espinoza 0-0: Fly out, F8 (Flyball, 78D)
Batting: RHB Miguel García 0-0: SINGLE (Line Drive, 6MD)
Milo Powers to third
Hubert MacDonald to second
Runner from 3rd tries for Home, SAFE, no throw
Batting: LHB Dudley Cooper 0-0: Called Strike
0-1: Ball
1-1: Foul Ball, location: 2F
1-2: Ball
2-2: Strikes out looking
Bottom of the 2nd over - 1 run, 3 hits, 0 errors, 2 left on base; Salem 1 - Wichita 1
TOP OF THE 3RD
Salem Silver Souls batting - Pitching for Wichita Wranglers : LHP Ron Sosa
Batting: RHB Carlos Sánchez 0-0: Called Strike
0-1: Ball
1-1: Foul Ball, location: 2F
1-2: SINGLE (Line Drive, 78M)
Batting: SHB Felipe Castro 0-0: Called Strike
0-1: Grounds into double play, 6-4-3 (Groundball, 6)
Batting: LHB Hamilton Hughes 0-0: Ball
1-0: Foul Ball, location: 2F
1-1: Swinging Strike
1-2: Strikes out swinging
Top of the 3rd over - 0 runs, 1 hit, 0 errors, 0 left on base; Salem 1 - Wichita 1
BOTTOM OF THE 3RD
Wichita Wranglers batting - Pitching for Salem Silver Souls : LHP Jeff Brennan
Batting: LHB Al Miller 0-0: Called Strike
0-1: Foul Ball, location: 2F
0-2: Ball
1-2: Foul Ball, location: 2F
1-2: Ball
2-2: Ball
3-2: Ground out 6-3 (Groundball, 6)
Batting: RHB Stan Taylor 0-0: Ball
1-0: Swinging Strike
1-1: Ball
2-1: Called Strike
2-2: Foul Ball, location: 2F
2-2: Fly out, F8 (Line Drive, 78D)
Batting: LHB John Lynch 0-0: Called Strike
0-1: Ball
1-1: Foul Ball, location: 2F
1-2: Foul Ball, location: 2F
1-2: Strikes out swinging
Bottom of the 3rd over - 0 runs, 0 hits, 0 errors, 0 left on base; Salem 1 - Wichita 1
TOP OF THE 4TH
Salem Silver Souls batting - Pitching for Wichita Wranglers : LHP Ron Sosa
Batting: SHB Dale Winters 0-0: Called Strike
0-1: Ball
1-1: Ball
2-1: Fly out, F9 (Flyball, 9LSF)
Batting: LHB Jeff Forsyth 0-0: Ball
1-0: DOUBLE (Line Drive, 7LS)
Batting: SHB Dawson Fowler 0-0: Ball
1-0: Called Strike
1-1: Foul Ball, location: 2F
1-2: Ball
2-2: Foul Ball, location: 2F
2-2: Foul Ball, location: 2F
2-2: Strikes out swinging
Batting: RHB José Dávila 0-0: Ball
1-0: Ball
2-0: Ground out 5-3 (Groundball, 5)
Top of the 4th over - 0 runs, 1 hit, 0 errors, 1 left on base; Salem 1 - Wichita 1
BOTTOM OF THE 4TH
Wichita Wranglers batting - Pitching for Salem Silver Souls : LHP Jeff Brennan
Batting: RHB Ricardo Velásquez 0-0: SINGLE (Groundball, 25) (infield hit)
Batting: LHB Milo Powers 0-0: Ball
1-0: Fly out, F6 (Line Drive, 6)
Batting: RHB Hubert MacDonald 0-0: Called Strike
0-1: Ball
1-1: Ball
2-1: Ball
3-1: Foul Ball, location: 2F
3-2: Fly out, F7 (Flyball, 78M)
Batting: RHB Julián Espinoza 0-0: Ball
1-0: Ball
2-0: SINGLE (Groundball, 34D)
Ricardo Velásquez to second
Runner from 2nd tries for 3rd, SAFE, no throw
Batting: RHB Miguel García 0-0: Ball
1-0: Swinging Strike
1-1: DOUBLE (Line Drive, 8LD)
Ricardo Velásquez scores
Julián Espinoza to third
Runner from 3rd tries for Home, SAFE, no throw
Batting: LHB Dudley Cooper 0-0: Called Strike
0-1: Fly out, F9 (Flyball, 9LS)
Bottom of the 4th over - 2 runs, 3 hits, 0 errors, 1 left on base; Salem 1 - Wichita 3
TOP OF THE 5TH
Salem Silver Souls batting - Pitching for Wichita Wranglers : LHP Ron Sosa
Batting: RHB Chris Hall 0-0: Ball
1-0: Ball
2-0: Swinging Strike
2-1: Foul Ball, location: 2F
2-2: Foul Ball, location: 2F
2-2: Ball
3-2: Fly out, F9 (Flyball, 89S)
Batting: RHB Júlio Rodríguez 0-0: Fly out, F8 (Flyball, 78M)
Batting: RHB Carlos Sánchez 0-0: SOLO HOME RUN (Flyball, 7LD), Distance : 327 ft
Batting: SHB Felipe Castro 0-0: Ball
1-0: Called Strike
1-1: Ball
2-1: Ball
3-1: Foul Ball, location: 2F
3-2: Fly out, F8 (Flyball, 8LD)
Top of the 5th over - 1 run, 1 hit, 0 errors, 0 left on base; Salem 2 - Wichita 3
BOTTOM OF THE 5TH
Wichita Wranglers batting - Pitching for Salem Silver Souls : LHP Jeff Brennan
Batting: LHB Al Miller 0-0: Ball
1-0: Ball
2-0: Fly out, F8 (Flyball, 8LS)
Batting: RHB Stan Taylor 0-0: Ball
1-0: Swinging Strike
1-1: Foul Ball, location: 2F
1-2: Strikes out swinging
Batting: LHB John Lynch 0-0: Called Strike
0-1: Swinging Strike
0-2: Ball
1-2: Ball
2-2: Foul Ball, location: 2F
2-2: Fly out, F7 (Flyball, 78D)
Bottom of the 5th over - 0 runs, 0 hits, 0 errors, 0 left on base; Salem 2 - Wichita 3
TOP OF THE 6TH
Salem Silver Souls batting - Pitching for Wichita Wranglers : LHP Ron Sosa
Batting: LHB Hamilton Hughes 0-0: Ball
1-0: Foul Ball, location: 2F
1-1: Swinging Strike
1-2: Strikes out swinging
Batting: SHB Dale Winters 0-0: Ball
1-0: Foul Ball, location: 2F
1-1: SINGLE (Groundball, 6D)
Batting: LHB Jeff Forsyth 0-0: Foul Ball, location: 2F
0-1: Called Strike
0-2: Ball
1-2: Fly out, F5 (Line Drive, 5)
Batting: SHB Dawson Fowler 0-0: Ball
1-0: Ball
2-0: Called Strike
2-1: Ball
3-1: Base on Balls
Dale Winters to second
Batting: RHB José Dávila 0-0: Ball
1-0: Ball
2-0: Swinging Strike
2-1: Ball
3-1: Foul Ball, location: 2F
3-2: Foul Ball, location: 2F
3-2: Foul Ball, location: 2F
3-2: Base on Balls
Dale Winters to third
Dawson Fowler to second
Batting: RHB Chris Hall 0-0: Called Strike
0-1: Foul Ball, location: 2F
0-2: Ball
1-2: SINGLE (Groundball, 56D)
Dale Winters scores
Dawson Fowler to third
José Dávila to second
Runner from 3rd tries for Home, SAFE, no throw
Pitching: RHP John Brock
Batting: RHB Júlio Rodríguez 0-0: Foul Ball, location: 2F
0-1: Ball
1-1: Fly out, F8 (Flyball, 78M)
Top of the 6th over - 2 runs, 2 hits, 0 errors, 2 left on base; Salem 4 - Wichita 3
BOTTOM OF THE 6TH
Wichita Wranglers batting - Pitching for Salem Silver Souls : LHP Jeff Brennan
Batting: RHB Ricardo Velásquez 0-0: Ball
1-0: Ball
2-0: SINGLE (Line Drive, 8LS)
Batting: LHB Milo Powers 0-0: Ball
1-0: Ball
2-0: Ground out 4-3 (Groundball, 4S)
Ricardo Velásquez to second
Batting: RHB Hubert MacDonald 0-0: Foul Ball, location: 2F
0-1: Ball
1-1: Called Strike
1-2: Ball
2-2: Ball
3-2: Base on Balls
Batting: RHB Julián Espinoza 0-0: DOUBLE (Line Drive, 9LM)
Ricardo Velásquez scores
Hubert MacDonald to third
Runner from 3rd tries for Home, SAFE, no throw
Pitching: RHP Mike Moyer
Batting: RHB Miguel García 0-0: Ball
Julián Espinoza is caught stealing 3rd base
1-0: Foul Ball, location: 2F
1-1: Ball
2-1: Called Strike
2-2: Strikes out swinging
Bottom of the 6th over - 2 runs, 2 hits, 0 errors, 0 left on base; Salem 4 - Wichita 5
TOP OF THE 7TH
Salem Silver Souls batting - Pitching for Wichita Wranglers : RHP John Brock
Batting: RHB Carlos Sánchez 0-0: Ball
1-0: Called Strike
1-1: Swinging Strike
1-2: Foul Ball, location: 2F
1-2: Strikes out swinging
Batting: SHB Felipe Castro 0-0: Ball
1-0: Fly out, F8 (Flyball, 8LD)
Batting: LHB Hamilton Hughes 0-0: Ball
1-0: Foul Ball, location: 2F
1-1: Ball
2-1: Ball
3-1: Foul Ball, location: 2F
3-2: Strikes out swinging
Top of the 7th over - 0 runs, 0 hits, 0 errors, 0 left on base; Salem 4 - Wichita 5
BOTTOM OF THE 7TH
Wichita Wranglers batting - Pitching for Salem Silver Souls : RHP Mike Moyer
Batting: LHB Dudley Cooper 0-0: Ground out 4-3 (Groundball, 4)
Batting: LHB Al Miller 0-0: Called Strike
0-1: DOUBLE (Line Drive, 9LD)
Batting: RHB Stan Taylor 0-0: Intentional Walk
Pinch Hitting: LHB Glenn Williamson 0-0: Ball
Wild Pitch!
Al Miller to third
Stan Taylor to second
1-0: Ball
2-0: Called Strike
2-1: Ball
3-1: DOUBLE (Flyball, 7LD)
Al Miller scores
Stan Taylor scores
Pitching: RHP Pepe Torres
Batting: RHB Ricardo Velásquez 0-0: SINGLE (Groundball, 34D)
Glenn Williamson to third
Runner from 3rd tries for Home, SAFE, throw made home
Ricardo Velásquez to second
Batting: LHB Milo Powers 0-0: Intentional Walk
Batting: RHB Hubert MacDonald 0-0: Ball
1-0: Ball
2-0: Foul Ball, location: 2F
2-1: Foul Ball, location: 2F
2-2: Grounds into double play, 6-4-3 (Groundball, 6)
Bottom of the 7th over - 3 runs, 3 hits, 0 errors, 1 left on base; Salem 4 - Wichita 8
TOP OF THE 8TH
Salem Silver Souls batting - Pitching for Wichita Wranglers : RHP John Brock
Now in CF: Glenn Williamson
Batting: SHB Dale Winters 0-0: Called Strike
0-1: DOUBLE (Flyball, 7D)
Batting: LHB Jeff Forsyth 0-0: Called Strike
0-1: Ball
1-1: Ball
2-1: Foul Ball, location: 2F
2-2: Foul Ball, location: 2F
2-2: Ball
3-2: Base on Balls
Batting: SHB Dawson Fowler 0-0: Ball
1-0: Ball
2-0: Fly out, F9 (Flyball, 9D)
Runner from 2nd tags up, SAFE at 3rd, no throw
Batting: RHB José Dávila 0-0: Called Strike
0-1: Foul Ball, location: 2F
0-2: Foul Ball, location: 2F
0-2: Ball
1-2: Foul Ball, location: 2F
1-2: Foul Ball, location: 2F
1-2: Foul Ball, location: 2F
1-2: Ball
2-2: Foul Ball, location: 2F
2-2: Strikes out swinging
Batting: RHB Chris Hall 0-0: Ball
1-0: Foul Ball, location: 2F
1-1: Ground out 5-3 (Groundball, 56S)
Top of the 8th over - 0 runs, 1 hit, 0 errors, 2 left on base; Salem 4 - Wichita 8
BOTTOM OF THE 8TH
Wichita Wranglers batting - Pitching for Salem Silver Souls : RHP Pepe Torres
Batting: RHB Julián Espinoza 0-0: Swinging Strike
0-1: Ball
1-1: Swinging Strike
1-2: Strikes out swinging
Batting: RHB Miguel García 0-0: Foul Ball, location: 2F
0-1: Ball
1-1: Foul Ball, location: 2F
1-2: Ball
2-2: Ball
3-2: SINGLE (Groundball, 56D)
Batting: LHB Dudley Cooper 0-0: Called Strike
0-1: Ball
1-1: Called Strike
1-2: Ball
2-2: Fly out, F8 (Flyball, 8RS)
Batting: LHB Al Miller 0-0: Ball
1-0: Fielders Choice at 2nd, 6-4 (Groundball, 6)
Bottom of the 8th over - 0 runs, 1 hit, 0 errors, 1 left on base; Salem 4 - Wichita 8
TOP OF THE 9TH
Salem Silver Souls batting - Pitching for Wichita Wranglers : RHP John Brock
Batting: RHB Júlio Rodríguez 0-0: Called Strike
0-1: Ball
1-1: Foul Ball, location: 2F
1-2: Strikes out swinging
Batting: RHB Carlos Sánchez 0-0: Called Strike
0-1: Ball
1-1: Ball
2-1: Ball
3-1: Base on Balls
Pitching: RHP Pedro Rivera
Batting: SHB Felipe Castro 0-0: Ball
1-0: Foul Ball, location: 2F
1-1: Foul Ball, location: 2F
1-2: Ball
2-2: Foul Ball, location: 2F
2-2: SINGLE (Line Drive, 89S)
Carlos Sánchez to second
Pitching: RHP Javier Pacheco
Batting: LHB Hamilton Hughes 0-0: Foul Ball, location: 2F
0-1: Called Strike
0-2: Ball
1-2: SINGLE (Flyball, 8LS)
Carlos Sánchez to third
Felipe Castro to second
Pinch Hitting: LHB Luis Aragón 0-0: SINGLE (Line Drive, 78S)
Carlos Sánchez scores
Felipe Castro to third
Hamilton Hughes to second
Batting: LHB Jeff Forsyth 0-0: Ball
1-0: Called Strike
1-1: Grounds into double play, 6-4-3 (Groundball, 6)
Top of the 9th over - 1 run, 3 hits, 0 errors, 2 left on base; Salem 5 - Wichita 8
Saturday, December 16th, 2017 - OOTP Baseball 18.8 Build 76